[Event "Titled Tuesday Blitz December 06 Late 2022"]
[White "Ambartsumova, Karina"]
[Black "Winterberg, Lukas"]
[WhiteFideId "4166299"]
[BlackFideId "24622702"]
[WhiteElo "2319"]
[BlackElo "2350"]
[Result "1-0"]
[Round "11"]
[TimeControl "180+1"]
[Date "2022.12.06"]
[WhiteClock "0:00:05"]
[BlackClock "0:00:02"]

1. Nf3 Nf6 2. g3 e6 3. Bg2 d5 4. c4 Be7 5. O-O O-O 6. b3 d4 7. e3 c5 8. exd4 cxd4 9. Re1 Nc6 10. d3 Re8 11. Ne5 Nxe5 12. Rxe5 Bd6 13. Re1 e5 14. Nd2 Rb8 15. a3 a5 16. Ne4 Nxe4 17. Bxe4 f5 18. Bg2 Kh8 19. Bd2 Bd7 20. b4 b5 21. c5 Bc7 22. Qh5 Qf6 23. Rac1 a4 24. Qf3 Re7 25. h4 h6 26. Qh5 Qf7 27. Qxf7 Rxf7 28. Bd5 Re7 29. f4 Rbe8 30. fxe5 Rxe5 31. Rxe5 Bxe5 32. Kg2 Bc7 33. Kf3 Re5 34. Bb7 Re7 35. Bf4 Be8 36. Bd5 Kh7 37. c6 Kg6 38. Rc5 Kf6 39. Rxb5 g5 40. Bxc7 Rxc7 41. Rc5 Ke7 42. hxg5 hxg5 43. b5 Kd6 44. b6 Re7 45. b7 Kc7 46. Rb5 Kb8 47. Kf2 Rc7 48. Ra5 Bxc6 49. Bxc6 Rxc6 50. Rxf5 Rc3 51. Rxg5 Rxd3 52. Rg7 Rxa3 53. g4 Rb3 54. Rg5 a3 55. Ra5 Kxb7 56. g5 Kb6 57. Ra8 Kc5 58. g6 1-0


[Site "https://www.chess.com"]

[Event "Titled Tuesday Blitz December 06 Late 2022"]
[White "Arbunic Castro, Giovanna"]
[Black "Floresvillar Gonzalez, Luis Migu"]
[WhiteFideId "3400549"]
[BlackFideId "5100542"]
[WhiteElo "1939"]
[BlackElo "2040"]
[Result "0-1"]
[Round "11"]
[TimeControl "180+1"]
[Date "2022.12.07"]
[WhiteClock "0:00:03"]
[BlackClock "0:00:03"]

1. e4 c6 2. d4 d5 3. e5 c5 4. dxc5 Nc6 5. Bb5 e6 6. Be3 Bd7 7. Bxc6 Bxc6 8. Nf3 Ne7 9. c3 a5 10. O-O Ng6 11. Bd4 a4 12. Re1 Qa5 13. Nbd2 Be7 14. b4 Qc7 15. a3 O-O 16. Qe2 Qd7 17. Qe3 Bb5 18. g3 Rac8 19. h4 f5 20. exf6 Rxf6 21. Bxf6 Bxf6 22. Nd4 e5 23. Nxb5 Qxb5 24. Nf3 e4 25. Rad1 exf3 26. Qxf3 Rd8 27. Rxd5 Rxd5 28. Qxd5+ Kh8 29. Qd6 h6 30. c6 bxc6 31. Re8+ Kh7 32. Qd7 Qc4 33. Qh3 Qxc3 34. h5 Ne7 35. Rxe7 Bxe7 36. Qf5+ Kg8 37. Qe6+ Kf8 38. Qc8+ Kf7 39. Qf5+ Qf6 40. Qe4 Qe6 41. Qf4+ Bf6 0-1


[Site "https://www.chess.com"]

[Event "Titled Tuesday Blitz December 06 Late 2022"]
[White "Ardila, Oscar Humberto"]
[Black "Romero Ruscalleda, Josep"]
[WhiteFideId "4404742"]
[BlackFideId "2231859"]
[WhiteElo "1961"]
[BlackElo "2183"]
[Result "0-1"]
[Round "11"]
[TimeControl "180+1"]
[Date "2022.12.07"]
[WhiteClock "0:00:18"]
[BlackClock "0:00:33"]

1. d4 g6 2. Nf3 Bg7 3. e4 d6 4. Bd3 Nf6 5. Qe2 O-O 6. O-O Nc6 7. c3 e5 8. d5 Ne7 9. c4 Nd7 10. Nc3 Nc5 11. Bc2 a5 12. Be3 b6 13. b3 f5 14. Bxc5 bxc5 15. Nd2 f4 16. f3 g5 17. Kf2 Ng6 18. Ke1 g4 19. fxg4 Qh4+ 20. g3 fxg3 21. Rxf8+ Bxf8 22. hxg3 Qxg3+ 23. Qf2 Qxg4 24. Qf3 Bh6 25. Qxg4 Bxg4 26. Bd1 Bd7 27. Be2 a4 28. bxa4 Bxa4 29. Nxa4 Rxa4 30. Nb3 Be3 31. Kd1 Nf4 32. Bf1 Kg7 33. Kc2 h5 34. Kb2 Rb4 35. Re1 Bd4+ 36. Kc2 Ra4 37. Nxd4 cxd4 38. Kb3 Ra5 39. a4 Kf6 40. Kb4 Ra7 41. c5 h4 42. cxd6 cxd6 43. a5 h3 44. Bxh3 Nd3+ 45. Kb5 Nxe1 46. Kb6 Ra8 47. a6 d3 48. Bg4 d2 49. Kb7 Rh8 50. a7 Kg5 51. Be2 Kf4 52. Kc6 Kxe4 53. Kxd6 Ke3 54. Bd1 e4 55. Kc7 Nd3 56. d6 Ne5 57. Kb7 Kd3 58. a8=Q Rxa8 59. Kxa8 e3 60. Kb7 e2 61. Bxe2+ Kxe2 62. Kc7 d1=Q 0-1


[Site "https://www.chess.com"]

[Event "Titled Tuesday Blitz December 06 Late 2022"]
[White "Averjanov, Alexey"]
[Black "Tanenbaum, Zachary"]
[WhiteFideId "14109867"]
[BlackFideId "2060850"]
[WhiteElo "2655"]
[BlackElo "2175"]
[Result "1-0"]
[Round "11"]
[TimeControl "180+1"]
[Date "2022.12.06"]
[WhiteClock "0:00:01"]
[BlackClock "0:00:21"]

1. d4 d5 2. c4 dxc4 3. e3 e5 4. Bxc4 Nc6 5. d5 Na5 6. Qa4+ c6 7. dxc6 Nxc6 8. Nf3 Bd6 9. O-O Nf6 10. Nc3 O-O 11. Rd1 Qe7 12. e4 Bg4 13. Bg5 Bxf3 14. gxf3 Nd4 15. Kg2 Kh8 16. Nd5 Qd8 17. f4 Be7 18. Bxf6 gxf6 19. Kh1 Rg8 20. Rg1 Bc5 21. Rxg8+ Qxg8 22. Rg1 Qc8 23. f5 b5 24. Bxb5 Qb7 25. Bc4 Qxb2 26. Qd7 Qxf2 27. Qxf7 Qf3+ 28. Rg2 Qd1+ 29. Rg1 Qf3+ 30. Rg2 Nxf5 31. Qxf6+ Ng7 32. Qxg7# 1-0


[Site "https://www.chess.com"]

[Event "Titled Tuesday Blitz December 06 Late 2022"]
[White "Barria Zuniga, Daniel"]
[Black "Timmermans, Mark"]
[WhiteFideId "3400816"]
[BlackFideId "1026399"]
[WhiteElo "2414"]
[BlackElo "2460"]
[Result "0-1"]
[Round "11"]
[TimeControl "180+1"]
[Date "2022.12.06"]
[WhiteClock "0:00:01"]
[BlackClock "0:00:10"]

1. d4 Nf6 2. c4 e6 3. Nc3 Bb4 4. a3 Bxc3+ 5. bxc3 O-O 6. f3 d5 7. cxd5 exd5 8. e3 Bf5 9. Ne2 h6 10. g4 Bh7 11. h4 Ne8 12. Nf4 c6 13. Kf2 Nd6 14. g5 hxg5 15. hxg5 Qxg5 16. Bd3 Nf5 17. Ne2 Qf6 18. Qc2 Bg6 19. Bd2 Nd6 20. Nf4 Bxd3 21. Qxd3 Qf5 22. Qe2 Nd7 23. Rh5 Qc2 24. Rah1 f5 25. Ne6 Rfc8 26. Ng5 Nf7 27. Ne6 Nf6 28. R5h2 Re8 29. Nc7 Rac8 30. Nxe8 Rxe8 31. Rg2 f4 32. Rhg1 Nh5 33. Rg4 Ng3 34. R1xg3 fxg3+ 35. Kxg3 Nh6 36. Rf4 Nf5+ 37. Kf2 Nd6 38. e4 Nc4 39. Be1 Qc1 40. Rg4 Qh6 41. e5 Qh2+ 42. Rg2 Qh4+ 43. Kf1 Qf4 44. Qf2 Ne3+ 45. Kg1 Nxg2 46. Kxg2 Re6 47. Bd2 Rg6+ 48. Kf1 Qf5 49. Ke2 Qh3 0-1


[Site "https://www.chess.com"]

[Event "Titled Tuesday Blitz December 06 Late 2022"]
[White "Bas Mas, Jose Joaquin"]
[Black "Moksh Amit Doshi"]
[WhiteFideId "22219064"]
[BlackFideId "25064967"]
[WhiteElo "2233"]
[BlackElo "2297"]
[Result "0-1"]
[Round "11"]
[TimeControl "180+1"]
[Date "2022.12.07"]
[WhiteClock "0:01:35"]
[BlackClock "0:02:01"]

1. e4 e6 2. Nf3 d5 3. e5 c5 4. b4 cxb4 5. d4 Nc6 6. a3 bxa3 7. Bd3 Nge7 8. c3 Nf5 9. O-O Bd7 10. Nxa3 Be7 11. Nc2 O-O 12. g4 Nh4 13. Nfe1 f6 14. f4 fxe5 15. dxe5 Bc5+ 16. Kh1 Be8 17. Rb1 Bg6 18. Bxg6 Nxg6 19. Rxb7 Ncxe5 20. Nd4 Bxd4 21. Qxd4 Qf6 22. g5 Qf5 23. Ng2 Rf7 24. Rb3 Qh3 25. Be3 Nf3 26. Rxf3 Qxf3 27. Bg1 Nxf4 0-1


[Site "https://www.chess.com"]

[Event "Titled Tuesday Blitz December 06 Late 2022"]
[White "Bazeev, German"]
[Black "Da Silva Junior, Sediney Mari"]
[WhiteFideId "24119350"]
[BlackFideId "2132079"]
[WhiteElo "2501"]
[BlackElo "1996"]
[Result "1-0"]
[Round "11"]
[TimeControl "180+1"]
[Date "2022.12.06"]
[WhiteClock "0:02:15"]
[BlackClock "0:02:14"]

1. d4 f5 2. g3 Nf6 3. Bg2 d6 4. Bg5 g6 5. Bxf6 exf6 6. h4 Bg7 7. h5 Nc6 8. e3 Qe7 9. Nc3 a6 10. Nd5 Qf7 11. Nf4 Bd7 12. Bd5 Qf8 13. hxg6 h6 14. Bf7+ Kd8 15. Nf3 Be8 16. Ne6+ 1-0


[Site "https://www.chess.com"]

[Event "Titled Tuesday Blitz December 06 Late 2022"]
[White "Bongo Akanga Ndjila, Barthelemy"]
[Black "Marcolino, Daniel Mattos"]
[WhiteFideId "10609431"]
[BlackFideId "2106841"]
[WhiteElo "1768"]
[BlackElo "2147"]
[Result "1-0"]
[Round "11"]
[TimeControl "180+1"]
[Date "2022.12.07"]
[WhiteClock "0:01:31"]
[BlackClock "0:00:48"]

1. d4 Nf6 2. c4 e6 3. Nc3 Bb4 4. f3 c5 5. d5 b5 6. e4 bxc4 7. Bxc4 d6 8. Ne2 O-O 9. O-O Bxc3 10. bxc3 e5 11. Bg5 Nbd7 12. Ng3 Qc7 13. Rb1 h6 14. Be3 Nb6 15. Bb5 Bd7 16. Bxd7 Nfxd7 17. Nf5 c4 18. Qe1 Kh7 19. Qh4 Rh8 20. Bxh6 gxh6 21. Qxh6+ 1-0


[Site "https://www.chess.com"]

[Event "Titled Tuesday Blitz December 06 Late 2022"]
[White "Burke, Paul"]
[Black "Vargas, Mauricio"]
[WhiteFideId "2605767"]
[BlackFideId "4404572"]
[WhiteElo "1882"]
[BlackElo "2025"]
[Result "1-0"]
[Round "11"]
[TimeControl "180+1"]
[Date "2022.12.07"]
[WhiteClock "0:00:43"]
[BlackClock "0:00:03"]

1. e4 c6 2. d4 d5 3. exd5 cxd5 4. c4 Nc6 5. Nc3 Nf6 6. Nf3 Bg4 7. Be2 e6 8. O-O a6 9. c5 Be7 10. a3 O-O 11. b4 Na7 12. a4 Nc6 13. b5 axb5 14. Nxb5 Re8 15. Bf4 Ra7 16. Nxa7 Nxa7 17. Bb5 Ne4 18. Bxe8 Qxe8 19. h3 Bh5 20. g4 Bg6 21. Ne5 Ng5 22. Bxg5 Bxg5 23. f4 Bh4 24. f5 exf5 25. gxf5 f6 26. fxg6 fxe5 27. gxh7+ Kh8 28. dxe5 Qxe5 29. Qf3 Qd4+ 30. Kh1 Qe4 31. Qxe4 dxe4 32. Rf4 Bf6 33. Re1 e3 34. Rxe3 Bg5 35. Re8+ Kxh7 36. Rf7 Nc6 37. Rxb7 1-0


[Site "https://www.chess.com"]

[Event "Titled Tuesday Blitz December 06 Late 2022"]
[White "Cuevas Araya, Walter"]
[Black "Radovanovic, Dusan"]
[WhiteFideId "3405028"]
[BlackFideId "926868"]
[WhiteElo "1957"]
[BlackElo "2337"]
[Result "1/2-1/2"]
[Round "11"]
[TimeControl "180+1"]
[Date "2022.12.07"]
[WhiteClock "0:00:07"]
[BlackClock "0:00:08"]

1. e4 c5 2. b4 cxb4 3. a3 e5 4. axb4 Bxb4 5. Nf3 Nc6 6. c3 Be7 7. Bc4 Nf6 8. d3 O-O 9. O-O d6 10. h3 h6 11. Na3 d5 12. exd5 Nxd5 13. Re1 Bf6 14. Bb2 Nf4 15. Kh2 Bf5 16. d4 exd4 17. cxd4 Rc8 18. Qd2 Qd6 19. Kg1 a6 20. Ba2 b5 21. Rac1 Nb4 22. Bb1 Bxb1 23. Nxb1 Nbd5 24. Nc3 Nxc3 25. Rxc3 Rxc3 26. Bxc3 Rd8 27. Ba5 Rc8 28. Bb4 Qb8 29. d5 Rd8 30. d6 Ne6 31. Qd5 Qb6 32. Rxe6 fxe6 33. Qxe6+ Kh8 34. Qe1 Qc6 35. Ne5 Bxe5 36. Qxe5 a5 37. Bc3 Qd7 38. Bxa5 Qxd6 39. Qxb5 Qd1+ 40. Kh2 Qd6+ 41. g3 Rb8 42. Qf5 Rf8 43. Qc2 Qd5 44. Bb6 Qb5 45. Be3 Qf1 46. Qb2 Kg8 47. h4 h5 48. Qa2+ Kh8 49. Qb2 Qd3 50. Bd4 Qg6 51. Qe2 Kh7 52. Kg2 Qf5 53. f3 Rd8 54. Bf2 Qg6 55. Qe4 Re8 56. Qf4 Re7 57. Qg5 Rf7 58. Qxg6+ Kxg6 59. g4 Rd7 60. gxh5+ Kxh5 61. Kg3 g6 62. Be3 Rd5 63. Bg5 Rf5 64. f4 Rd5 65. Kf3 Rc5 66. Ke4 Rb5 67. Kf3 Ra5 68. Ke4 Rb5 69. Kf3 Ra5 70. Ke4 Ra4+ 71. Kf3 Ra3+ 72. Ke4 Kg4 73. Ke5 Ra6 74. Ke4 Ra5 75. Ke3 Ra4 76. Kd3 Kf5 77. Ke3 Rb4 78. Kd3 Rxf4 79. Bxf4 Kxf4 80. Ke2 Kg3 81. h5 gxh5 82. Kf1 Kh2 83. Kf2 h4 84. Kf1 h3 85. Kf2 Kh1 86. Kf1 h2 87. Kf2 1/2-1/2


[Site "https://www.chess.com"]

[Event "Titled Tuesday Blitz December 06 Late 2022"]
[White "Curtis, John"]
[Black "Castellanos Gomez, Alejandro"]
[WhiteFideId "3200256"]
[BlackFideId "22284141"]
[WhiteElo "2203"]
[BlackElo "2168"]
[Result "1-0"]
[Round "11"]
[TimeControl "180+1"]
[Date "2022.12.07"]
[WhiteClock "0:00:15"]
[BlackClock "0:00:23"]

1. e4 c5 2. Nf3 d6 3. d4 cxd4 4. Nxd4 Nf6 5. Nc3 g6 6. Be3 Bg7 7. f3 O-O 8. Qd2 Nc6 9. O-O-O Bd7 10. Kb1 Rc8 11. Nxc6 Bxc6 12. Bh6 b5 13. Bxg7 Kxg7 14. Bxb5 Bxb5 15. Nxb5 Rb8 16. Nd4 Qb6 17. b3 a5 18. h4 h5 19. Qg5 e6 20. g4 a4 21. gxh5 Nxh5 22. Rhg1 Rh8 23. f4 axb3 24. cxb3 Ra8 25. f5 exf5 26. Nxf5+ Kg8 27. Rxd6 Qa7 28. Rg2 Rh7 29. Rd8+ 1-0


[Site "https://www.chess.com"]

[Event "Titled Tuesday Blitz December 06 Late 2022"]
[White "D`Arruda, Ricardo D."]
[Black "Rose, Felix"]
[WhiteFideId "100692"]
[BlackFideId "5105722"]
[WhiteElo "2449"]
[BlackElo "2039"]
[Result "1-0"]
[Round "11"]
[TimeControl "180+1"]
[Date "2022.12.07"]
[WhiteClock "0:01:22"]
[BlackClock "0:00:17"]

1. Nf3 d5 2. d4 Nf6 3. g3 e6 4. Bg2 Be7 5. c4 dxc4 6. O-O c5 7. dxc5 Qxd1 8. Rxd1 Bxc5 9. Nbd2 c3 10. bxc3 Nc6 11. Nb3 Be7 12. c4 Bd7 13. Bb2 Rc8 14. Rac1 Nb4 15. Ne5 Bc6 16. Nxc6 Nxc6 17. c5 O-O 18. Bxf6 Bxf6 19. Rd7 b6 20. Bxc6 Rxc6 21. Rxa7 bxc5 22. Rxc5 Rxc5 23. Nxc5 Bd4 24. Ra5 Bxc5 25. Rxc5 Ra8 26. a4 h5 27. a5 g6 28. Kf1 Rb8 29. Rc1 Kg7 30. e4 Ra8 31. Ra1 Ra6 32. Ke2 Kf6 33. Kd3 Ke5 34. f4+ Kd6 35. Kc4 Kc6 36. Kb4 Ra8 37. a6 Kb6 38. a7 f6 39. Ra2 e5 40. fxe5 fxe5 41. Kc4 Rxa7 42. Rxa7 Kxa7 43. Kd5 1-0


[Site "https://www.chess.com"]

[Event "Titled Tuesday Blitz December 06 Late 2022"]
[White "Dias, Joao Batista"]
[Black "Hernandez Jimenez, Alexander Andres"]
[WhiteFideId "2108240"]
[BlackFideId "3900452"]
[WhiteElo "1898"]
[BlackElo "2098"]
[Result "0-1"]
[Round "11"]
[TimeControl "180+1"]
[Date "2022.12.07"]
[WhiteClock "0:01:02"]
[BlackClock "0:00:25"]

1. e4 e5 2. Nf3 Nc6 3. d4 exd4 4. Nxd4 Bc5 5. Nxc6 Qf6 6. Qd2 bxc6 7. Bd3 Ne7 8. O-O Ng6 9. Qg5 Qxg5 10. Bxg5 Ne5 11. Nc3 Nxd3 12. cxd3 d6 13. a3 Ba6 14. Rfd1 Bd4 15. Rac1 Rb8 16. b4 Kd7 17. Be3 Bxe3 18. fxe3 Rhe8 19. Kf2 Re5 20. d4 Rh5 21. h3 f5 22. Kf3 fxe4+ 23. Nxe4 Rf8+ 24. Kg3 Re8 25. Kf3 Rf5+ 26. Kg4 g6 27. Ng5 Be2+ 28. Kh4 Bxd1 29. Rxd1 Rxe3 30. g4 Rd5 31. Nxh7 Ke7 32. Rf1 Rxd4 33. Ng5 Rxa3 34. Rf7+ Ke8 35. Rxc7 Rxb4 36. Nf7 d5 37. Kg5 Re3 38. Rxa7 d4 39. Kf6 d3 40. Nd6+ Kd8 41. Nf7+ Kc8 42. Kxg6 d2 43. Ra1 Re1 0-1


[Site "https://www.chess.com"]

[Event "Titled Tuesday Blitz December 06 Late 2022"]
[White "Domingo Nunez, Ruben"]
[Black "Kavutskiy, Konstantin"]
[WhiteFideId "22245570"]
[BlackFideId "2026384"]
[WhiteElo "2406"]
[BlackElo "2386"]
[Result "1-0"]
[Round "11"]
[TimeControl "180+1"]
[Date "2022.12.06"]
[WhiteClock "0:00:09"]
[BlackClock "0:00:14"]

1. b3 Nf6 2. Bb2 g6 3. g3 Bg7 4. Bg2 O-O 5. Nf3 d6 6. O-O e5 7. c4 c5 8. e3 Nc6 9. d4 e4 10. Ng5 Re8 11. d5 Nb4 12. Nd2 Nfxd5 13. Bxg7 Kxg7 14. Ndxe4 Nc3 15. Nxc3 Qxg5 16. Qxd6 Bg4 17. Ne4 Rad8 18. Qxc5 Qxc5 19. Nxc5 b6 20. Nb7 Rd2 21. a3 Nd3 22. Nd6 Rd8 23. Ne4 Rb2 24. Rfb1 Rc2 25. h3 Bf5 26. g4 Bc8 27. Rd1 f5 28. gxf5 gxf5 29. Ng3 Rxf2 30. Bf1 Rf3 31. Nh5+ Kh6 32. Rxd3 Rxd3 33. Bxd3 Kxh5 34. Be2 Bb7 35. Rf1 1-0


[Site "https://www.chess.com"]

[Event "Titled Tuesday Blitz December 06 Late 2022"]
[White "Erdogmus, Yagiz Kaan"]
[Black "Boyer, Mahel"]
[WhiteFideId "44599790"]
[BlackFideId "45102422"]
[WhiteElo "2353"]
[BlackElo "2455"]
[Result "1-0"]
[Round "11"]
[TimeControl "180+1"]
[Date "2022.12.06"]
[WhiteClock "0:00:04"]
[BlackClock "0:00:01"]

1. d4 Nf6 2. c4 d6 3. Nc3 e5 4. Nf3 Qe7 5. Bg5 c6 6. c5 exd4 7. Bxf6 Qxf6 8. Ne4 Qe6 9. Nxd6+ Bxd6 10. cxd6 c5 11. Rc1 Qxd6 12. Nxd4 O-O 13. Nb5 Qb6 14. e3 a6 15. Qd6 Nc6 16. Qc7 Qxc7 17. Nxc7 Ra7 18. Rxc5 Rd8 19. a3 Rd6 20. Nd5 Be6 21. Nc3 b6 22. Ne4 bxc5 23. Nxd6 Rd7 24. Ne4 Rb7 25. Nxc5 Rxb2 26. Bd3 Bc4 27. O-O Bxd3 28. Nxd3 Rb3 29. Rd1 g6 30. a4 Ra3 31. Nc5 Nb4 32. g4 Rc3 33. Ne4 Rc4 34. Nf6+ Kg7 35. g5 h6 36. f4 hxg5 37. fxg5 Nc6 38. Rd6 Ne7 39. Rxa6 Rc8 40. e4 Nc6 41. Kf2 Nd4 42. Rd6 Ne6 43. h4 Rc4 44. a5 Rc5 45. a6 Rc3 46. a7 Ra3 47. Rd7 Nc5 48. Rd8 Nxe4+ 49. Nxe4 Rxa7 50. Rd3 Ra4 51. Kf3 Ra8 52. Kf4 Rb8 53. Rh3 Rh8 54. Nf6 Rb8 55. h5 gxh5 56. Rxh5 Rb4+ 57. Kf5 Rb5+ 58. Kf4 Kg6 59. Rh6+ Kg7 60. Nh5+ Kg8 61. Rd6 Kf8 62. Nf6 Kg7 63. Rd8 Rb4+ 64. Ne4 Ra4 65. Rd5 Rb4 66. Kf5 Rb1 67. Nf6 Rf1+ 68. Kg4 Kg6 69. Ne4 Re1 70. Rd6+ Kg7 71. Ng3 Re5 72. Nf5+ Kh7 73. Rf6 Re4+ 74. Kh5 Ra4 75. Rxf7+ Kg8 76. Kg6 Ra6+ 77. Rf6 Ra8 78. Nh6+ Kh8 79. Rf7 Ra6+ 80. Kh5 Ra8 81. g6 Ra5+ 82. Nf5 Kg8 83. Kh6 Ra6 84. Ne7+ Kh8 85. Rf8# 1-0


[Site "https://www.chess.com"]

[Event "Titled Tuesday Blitz December 06 Late 2022"]
[White "Espinosa, Pedro"]
[Black "Bryant, Todd"]
[WhiteFideId "30921066"]
[BlackFideId "2031299"]
[WhiteElo "2016"]
[BlackElo "2330"]
[Result "1-0"]
[Round "11"]
[TimeControl "180+1"]
[Date "2022.12.07"]
[WhiteClock "0:01:08"]
[BlackClock "0:00:01"]

1. d4 Nf6 2. c4 g6 3. Nc3 Bg7 4. e4 d6 5. Nf3 O-O 6. Be2 e5 7. dxe5 dxe5 8. Qxd8 Rxd8 9. Bg5 c6 10. Nxe5 Re8 11. O-O-O h6 12. Bf4 Nh5 13. Bxh5 gxh5 14. Nd3 Bxc3 15. bxc3 Rxe4 16. Rhe1 Rxe1 17. Rxe1 Be6 18. Nc5 Na6 19. Nxe6 Re8 20. Bxh6 Rxe6 21. Rxe6 fxe6 22. Be3 b6 23. Kc2 Kf7 24. Kd3 Kf6 25. Ke4 Nb8 26. Bd4+ Ke7 27. Kf4 Nd7 28. Kg5 e5 29. Be3 Ke6 30. Kxh5 Nf6+ 31. Kh4 Ne4 32. g4 Nxc3 33. a3 Ne4 34. g5 c5 35. g6 Nd6 36. Kg5 a5 37. Kh6 Kf6 38. Kh7 Nf5 39. Bh6 a4 40. g7 1-0


[Site "https://www.chess.com"]

[Event "Titled Tuesday Blitz December 06 Late 2022"]
[White "Estrada Nieto, Julian"]
[Black "Seletsky, Grigory"]
[WhiteFideId "5101018"]
[BlackFideId "14112191"]
[WhiteElo "2195"]
[BlackElo "2492"]
[Result "0-1"]
[Round "11"]
[TimeControl "180+1"]
[Date "2022.12.07"]
[WhiteClock "0:00:05"]
[BlackClock "0:00:14"]

1. e4 e6 2. d4 d5 3. Nd2 Nc6 4. Ngf3 Nf6 5. e5 Nd7 6. Be2 b6 7. O-O a5 8. c3 Ba6 9. Bxa6 Rxa6 10. Re1 Be7 11. Nf1 Ra8 12. Ng3 g6 13. Bh6 Bf8 14. Qd2 Bxh6 15. Qxh6 Qe7 16. a3 a4 17. Rac1 b5 18. Qg7 Qf8 19. Qxf8+ Kxf8 20. h4 h5 21. Ne2 Na5 22. Nd2 Nc4 23. Rc2 Nxd2 24. Rxd2 Nb6 25. Nf4 Nc4 26. Rde2 Ke7 27. Nd3 Rag8 28. g3 Rg7 29. Kg2 Rc8 30. Kf3 Rh8 31. Rh1 Kd7 32. Nf4 Na5 33. Rc2 Nc6 34. Nd3 Ne7 35. Ke2 Nf5 36. Rb1 Ra8 37. Nc5+ Kc6 38. Nd3 Rgg8 39. Kf3 Ra7 40. Kf4 Kd7 41. f3 Ke7 42. Rh2 Rh8 43. Rbh1 Raa8 44. g4 Ng7 45. Ke3 c6 46. Nf4 Kd7 47. Nd3 Ke7 48. Kd2 Rh7 49. Nf4 Kd7 50. Rb1 hxg4 51. fxg4 Rah8 52. Rbh1 g5 53. Ng2 gxh4 54. Rxh4 Rxh4 55. Rxh4 Rxh4 56. Nxh4 Ke7 57. Ke3 Ne8 58. Kf4 Nc7 59. Nf3 Na8 60. Ne1 Nb6 61. Nd3 Nc4 62. Kg5 Ne3 63. Kh5 Kf8 64. Nb4 Nc4 65. Nd3 Kg7 66. Kg5 Ne3 67. Kf4 Nc4 68. g5 Kg6 69. Nb4 Nxb2 70. Nxc6 Nd1 71. Ne7+ Kg7 72. Nc8 Nxc3 73. Nd6 b4 74. axb4 a3 75. Ne8+ Kf8 76. Nd6 a2 77. b5 Nxb5 78. Nxb5 a1=Q 79. Nd6 Qxd4+ 0-1


[Site "https://www.chess.com"]

[Event "Titled Tuesday Blitz December 06 Late 2022"]
[White "Ezat, Mohamed"]
[Black "Zhu, Jiner"]
[WhiteFideId "10600906"]
[BlackFideId "8608059"]
[WhiteElo "2388"]
[BlackElo "2384"]
[Result "0-1"]
[Round "11"]
[TimeControl "180+1"]
[Date "2022.12.07"]
[WhiteClock "0:00:11"]
[BlackClock "0:00:44"]

1. e4 e5 2. Nf3 Nc6 3. Bb5 a6 4. Ba4 d6 5. O-O Bd7 6. d4 exd4 7. c3 d3 8. Qxd3 Nf6 9. Bg5 Be7 10. Nbd2 O-O 11. Bc2 Ne5 12. Nxe5 dxe5 13. Nf3 h6 14. Bh4 Bb5 15. c4 Qxd3 16. Bxd3 Rfd8 17. Nxe5 Be8 18. Rfd1 Rd4 19. Nf3 Rd7 20. e5 Nh5 21. Bxe7 Rxe7 22. Be4 c6 23. Re1 Nf4 24. Bc2 a5 25. a3 Bd7 26. Nd4 Rae8 27. g3 Nh3+ 28. Kg2 Rxe5 29. Rxe5 Rxe5 30. Rd1 Re7 31. Nb3 Ng5 32. Nxa5 Bh3+ 33. Kg1 Nf3+ 34. Kh1 g6 35. Bd3 Ne1 36. Bb1 Re2 37. b4 Nf3 0-1


[Site "https://www.chess.com"]

[Event "Titled Tuesday Blitz December 06 Late 2022"]
[White "Fernandez De La Vara, Arnaldo"]
[Black "Omelja, Artem"]
[WhiteFideId "3518388"]
[BlackFideId "14119846"]
[WhiteElo "2387"]
[BlackElo "2404"]
[Result "1-0"]
[Round "11"]
[TimeControl "180+1"]
[Date "2022.12.07"]
[WhiteClock "0:01:47"]
[BlackClock "0:00:02"]

1. Nf3 d5 2. g3 c6 3. Bg2 h5 4. O-O Nd7 5. c4 e5 6. d4 e4 7. Ne5 Nxe5 8. dxe5 h4 9. Nc3 Be6 10. cxd5 cxd5 11. Qa4+ Qd7 12. Qxd7+ Kxd7 13. Rd1 hxg3 14. hxg3 Kc6 15. Be3 Bb4 16. Nxd5 Bxd5 17. Rac1+ Kd7 18. Rxd5+ Ke6 19. Rb5 Be7 20. Bxe4 f6 21. Bd5+ Kf5 22. exf6 Nxf6 23. Bxb7+ Kg6 24. Bxa8 Rxa8 25. Rc7 Bd6 26. Rg5+ Kh6 27. Rcxg7 Ne4 28. R5g6+ Kh5 29. Rh6# 1-0


[Site "https://www.chess.com"]

[Event "Titled Tuesday Blitz December 06 Late 2022"]
[White "Gerbelli Neto, Eduardo"]
[Black "Joubert, Dantelle"]
[WhiteFideId "2103281"]
[BlackFideId "14310813"]
[WhiteElo "2178"]
[BlackElo "1507"]
[Result "0-1"]
[Round "11"]
[TimeControl "180+1"]
[Date "2022.12.07"]
[WhiteClock "0:00:41"]
[BlackClock "0:00:54"]

1. e4 e5 2. Nc3 Nf6 3. f4 d5 4. fxe5 Nxe4 5. d3 Nxc3 6. bxc3 Be7 7. Nf3 O-O 8. d4 f6 9. Bd3 fxe5 10. dxe5 Bg4 11. O-O Nc6 12. Qe1 Bxf3 13. gxf3 Bg5 14. f4 Bh4 15. Qe2 d4 16. Qe4 g6 17. Bb2 dxc3 18. Bxc3 Qe7 19. Rab1 Qc5+ 20. Kh1 Qxc3 21. Bc4+ Kh8 22. Rxb7 Na5 23. Rxc7 Nxc4 24. Rxc4 Qb2 25. e6 Rae8 26. Rc7 Qf6 27. e7 Rxe7 28. Rxe7 Qxe7 29. Qxe7 Bxe7 0-1


[Site "https://www.chess.com"]

[Event "Titled Tuesday Blitz December 06 Late 2022"]
[White "Goncalves, Davi Sulzbacher"]
[Black "Gatterer, Florian"]
[WhiteFideId "2154510"]
[BlackFideId "811688"]
[WhiteElo "2182"]
[BlackElo "2218"]
[Result "1/2-1/2"]
[Round "11"]
[TimeControl "180+1"]
[Date "2022.12.07"]
[WhiteClock "0:01:45"]
[BlackClock "0:02:44"]

1. Nf3 d5 2. g3 Nf6 3. Bg2 g6 4. O-O Bg7 5. d4 O-O 6. c4 c6 7. cxd5 cxd5 8. Nc3 Ne4 9. Nxe4 dxe4 10. Ng5 Qxd4 11. Nxe4 Nc6 1/2-1/2


[Site "https://www.chess.com"]

[Event "Titled Tuesday Blitz December 06 Late 2022"]
[White "Goroshkov, Maksym"]
[Black "Lewicki, Miroslaw"]
[WhiteFideId "14142716"]
[BlackFideId "1113380"]
[WhiteElo "2258"]
[BlackElo "2191"]
[Result "1-0"]
[Round "11"]
[TimeControl "180+1"]
[Date "2022.12.06"]
[WhiteClock "0:00:42"]
[BlackClock "0:00:01"]

1. e4 c5 2. c3 d6 3. d4 cxd4 4. cxd4 g6 5. Nc3 Bg7 6. f4 Nf6 7. Nf3 O-O 8. Be2 a6 9. O-O b5 10. e5 Ne8 11. Ng5 Bb7 12. Bf3 Qb6 13. Be3 dxe5 14. fxe5 Nc6 15. Kh1 Rd8 16. Nxf7 Rxf7 17. Bd5 Rxd5 18. Nxd5 Qd8 19. Rxf7 Kxf7 20. Nf4 e6 21. Qb3 Nc7 22. Rf1 Kg8 23. Nxe6 Nxe6 24. Qxe6+ Kh8 25. h3 Nb4 26. Rf7 Bd5 27. Rd7 Qa8 28. Qe7 Bxg2+ 29. Kh2 1-0


[Site "https://www.chess.com"]

[Event "Titled Tuesday Blitz December 06 Late 2022"]
[White "Graif, William"]
[Black "Battlecruiser_Operational"]
[WhiteFideId "2609835"]
[WhiteElo "2205"]
[BlackElo "2293"]
[Result "0-1"]
[Round "11"]
[TimeControl "180+1"]
[Date "2022.12.07"]
[WhiteClock "0:00:02"]
[BlackClock "0:00:16"]

1. e4 c6 2. d4 d5 3. Nc3 dxe4 4. Bc4 Nf6 5. f3 e3 6. Bxe3 Nbd7 7. Nge2 b5 8. Bd3 e6 9. O-O Bb7 10. Ne4 Be7 11. c3 a6 12. b4 O-O 13. N2g3 Nd5 14. Bd2 f5 15. Nf2 Bd6 16. Nh3 h6 17. f4 N7f6 18. Re1 Re8 19. Qf3 a5 20. a3 Qc7 21. Rf1 Ng4 22. Nf2 Ndf6 23. Nxg4 Nxg4 24. Nh5 g6 25. Ng3 c5 26. Qe2 axb4 27. axb4 c4 28. Rxa8 Bxa8 29. Bxf5 gxf5 30. Nxf5 Nf6 31. Nxh6+ Kg7 32. Nf5+ exf5 33. Qf2 Qc6 34. Qg3+ Kf7 35. Ra1 Rg8 36. Ra7+ Be7 37. Rxe7+ Kxe7 38. Qe3+ Kf7 39. g3 Qg2# 0-1


[Site "https://www.chess.com"]